Map: King's Cove LE

Players

TiPtOP - Winner!

  • Race: Terran Terran
  • League: Silver
  • Spawn Location: 11:00

VOD

Have the link to the VOD?

Description

Time

  • Played on: Aug. 20, 2019, 6:19 a.m.
  • Length: 47:28
Show
View Real Time Build Order
Export as new Build Order

TiPtOP Terran - Winner!

Build Orders:  

Get SALT Encoding   

  12  0:01  SCV  
  14  0:29  Supply Depot  
  13  0:31  SCV  
  14  0:48  SCV  
  15  1:01  Barracks  
  15  1:05  SCV  
  16  1:13  Refinery  
  16  1:22  SCV  
  17  1:39  SCV  
  13  2:00  SCV  
  19  2:18  Marine  
  20  2:20  Orbital Command  
  20  2:35  Command Center  
  20  3:01  Factory  
  20  3:14  Supply Depot  
  20  3:19  Barracks Tech Lab  
  19  3:22  SCV  
  20  3:43  SCV  
  21  3:59  Refinery  
  21  4:01  SCV  
  22  4:14  Bunker  
  22  4:29  Supply Depot  
  22  4:34  SCV  
  24  4:46  Orbital Command  
  23  4:51  SCV  
  23  4:55  Siege Tank  
  27  5:08  SCV  
  28  5:21  Supply Depot  
  28  5:25  SCV x2  
  30  5:41  SCV  
  30  5:42  SCV  
  30  5:44  Factory  
  30  5:45  Siege Tank, Factory  
  35  5:58  SCV  
  35  5:59  SCV  
  32  6:44  Supply Depot  
  32  6:46  Supply Depot  
  32  6:51  Siege Tank  
  35  7:02  Orbital Command  
  35  7:45  SCV x2  
  37  8:02  SCV  
  37  8:05  SCV  
  39  8:10  Factory Tech Lab  
  39  8:11  Factory Reactor  
  39  8:14  Siege Tank  
  39  8:19  SCV  
  43  8:22  SCV  
  44  8:37  SCV  
  44  8:39  SCV  
  46  8:46  Engineering Bay  
  46  8:50  Armory  
  46  8:59  SCV x2  
  48  9:09  Siege Tank  
  51  9:16  SCV  
  52  9:21  Hellion  
  52  9:22  Hellion  
  52  9:29  Missile Turret  
  56  9:45  SCV x2  
  58  9:56  Refinery x2  
  58  10:02  SCV x2  
  58  10:09  Supply Depot  
  60  10:20  Supply Depot  
  60  10:21  Supply Depot  
  60  10:33  Command Center  
  60  10:39  Thor  
  66  10:42  Supply Depot  
  66  10:44  Supply Depot  
  66  10:48  Terran Vehicle Weapons Level 1  
  66  10:50  Thor  
  72  11:00  Supply Depot x2  
  72  11:02  SCV x2  
  74  11:19  SCV x2  
  76  11:36  SCV  
  76  11:39  Siege Tank  
  80  11:42  Hellbat x2  
  84  11:50  Siege Tank  
  87  12:03  Siege Tank  
  87  12:05  Supply Depot  
  87  12:06  Supply Depot  
  87  12:09  Supply Depot  
  87  12:12  Hellbat x2  
  91  12:23  Thor  
  91  12:25  Command Center  
  97  12:35  Thor  
  103  12:41  Siege Tank  
  103  13:04  Orbital Command  
  103  13:08  SCV x2  
  105  13:24  SCV  
  105  13:25  SCV  
  107  13:36  Refinery  
  83  13:40  SCV  
  107  13:41  SCV  
  107  13:46  Thor x2  
  107  13:47  Hellbat x2, Refinery  
  125  14:35  Refinery  
  125  14:37  Missile Turret  
  125  14:38  Refinery, Sensor Tower  
  125  14:44  Missile Turret  
  125  14:46  Thor x2  
  137  14:53  SCV  
  137  14:54  SCV x2  
  140  15:29  Siege Tank  
  140  15:31  SCV x3  
  140  15:33  Siege Tank  
  140  15:35  Orbital Command  
  143  15:47  SCV  
  143  15:48  SCV x2  
  137  16:55  Thor  
  137  16:56  Thor, Hellbat x2  
  153  17:00  Terran Vehicle Weapons Level 2  
  153  17:07  Armory  
  153  17:13  SCV x3  
  156  17:26  Hellbat  
  158  17:39  SCV  
  159  17:43  SCV  
  159  17:44  SCV x2  
  162  17:56  SCV  
  162  17:58  Supply Depot  
  163  18:00  SCV  
  163  18:04  Supply Depot  
  163  18:07  Siege Tank  
  164  18:28  SCV x2, Thor  
  172  18:31  Supply Depot  
  172  18:34  SCV  
  173  18:40  Supply Depot  
  173  18:45  SCV  
  173  18:47  Supply Depot  
  173  18:49  Supply Depot  
  174  19:02  SCV  
  174  19:06  Supply Depot  
  174  19:08  Supply Depot  
  175  19:10  Supply Depot  
  175  19:12  Supply Depot  
  175  19:20  Command Center  
  175  19:44  SCV  
  175  19:45  SCV x3  
  179  19:57  Command Center  
  179  20:01  Refinery  
  179  20:03  Refinery  
  179  20:27  Thor x2  
  179  20:28  Hellbat x2  
  195  20:36  Terran Vehicle And Ship Armor Level 1, Terran Vehicle Weapons Level 3  
  189  21:27  Thor  
  138  21:56  SCV x3  
  138  21:57  SCV  
  118  22:15  Hellbat x2  
  118  22:16  Hellbat  
  124  22:27  Hellbat  
  126  22:40  Factory  
  126  22:44  Factory  
  126  22:45  Hellbat  
  126  22:46  Factory  
  126  22:48  Siege Tank  
  128  22:51  Factory  
  128  22:56  Factory  
  128  23:29  Factory  
  128  23:33  Factory  
  128  23:55  Planetary Fortress  
  128  23:58  Planetary Fortress  
  128  24:32  Terran Vehicle And Ship Armor Level 2  
  128  24:37  Factory Reactor x2  
  128  24:49  Factory Tech Lab  
  128  24:51  Factory Reactor  
  128  24:53  Factory Tech Lab  
  128  25:07  Hellbat x4  
  128  25:09  Factory Reactor  
  136  25:18  Factory Reactor  
  136  25:30  Refinery  
  136  25:34  Hellbat x3, Thor  
  136  25:35  Thor  
  136  25:37  Thor x2  
  166  25:40  Hellbat x2  
  166  25:41  Hellbat  
  172  25:57  Hellbat x2  
  176  26:04  Hellbat x3  
  176  26:06  Refinery  
  146  26:31  Missile Turret  
  146  26:34  Thor  
  146  26:35  Thor  
  146  26:36  Sensor Tower  
  146  26:37  Thor x2  
  146  26:38  Missile Turret  
  146  26:41  Hellbat  
  146  26:42  Hellbat x3  
  140  27:04  Hellbat x4  
  124  27:22  Hellbat x2  
  124  27:24  Hellbat  
  124  27:25  Hellbat x3  
  118  27:34  Hellbat x4, Thor  
  118  27:37  Thor  
  142  27:52  Hellbat  
  142  27:55  Hellbat  
  129  28:04  Thor  
  129  28:07  Thor  
  126  28:16  Hellbat x2  
  126  28:17  Hellbat x2  
  125  28:31  Hellbat x5  
  125  28:34  Thor  
  125  28:37  Thor  
  147  29:04  Thor  
  147  29:05  Hellbat x3  
  147  29:07  Thor  
  147  29:09  Terran Vehicle And Ship Armor Level 3  
  165  29:34  Thor  
  165  29:35  Hellbat x3  
  165  29:37  Thor  
  165  29:39  Hellion  
  183  29:51  Hellion  
  183  30:07  Thor  
  195  30:34  Thor  
  193  31:07  Thor  
  159  31:20  Hellbat  
  159  31:21  Hellbat x4  
  159  31:22  Thor x2  
  159  31:34  Thor  
  155  31:42  Hellbat x2  
  155  31:43  Hellbat  
  161  31:50  Infernal Pre-Igniter  
  161  32:07  Thor  
  167  32:22  Thor x2  
  179  32:34  Thor  
  185  32:52  Unknown  
  185  33:07  Thor  
  161  33:34  Thor  
  167  33:45  Hellbat x2  
  167  33:46  Hellbat x4  
  167  33:47  Thor x2, Hellbat  
  167  33:48  Hellbat x4  
  189  34:33  Hellion x11  
  175  36:15  Orbital Command  
  175  36:31  Refinery  
  175  36:37  Refinery  
  175  36:45  Missile Turret  
  175  36:48  Sensor Tower  
  175  37:22  Siege Tank  
  159  39:37  Hellbat x2  
  159  39:38  Hellbat x5  
  159  39:39  Hellbat x5  
  181  39:43  Thor x3  
  199  40:40  Orbital Command  
  199  41:21  Hellion x12  
  197  43:33  Hellion x12  
  197  45:25  Siege Tank  
  197  46:23  Hellion x8  
Tags
 
Add a new tag
Caveats
  • Supply blocks, unpowered buildings, or Contaminate may cause inaccurate times.
  • Supply counts are checked every 10 seconds.